cohdb
Replays
Latest Replays
All Replays
Popular Replays
Top Player Replays
Match Explorer
How It Works
Community
CoH3 Stats
Reddit
Sign in to upload your games and track your stats! →
Sign in with Steam
Match 42779047
Unlisted
Match 42779047
Overview
Messages
Build Orders
End
Selects Canadian Shock Battlegroup
Construct Section Command Post
Dingo Light Scout Car
Infantry Section
Infantry Section
Selects Attacking Spirit
Selects Canadian Shock Section
Canadian Shock Section
Construct Platoon Command Post
6-pounder Anti-tank Gun Team
Construct Field Infirmary
Construct Company Command Post
Selects Incendiary Munitions
Selects Pyrotechnics
Crusader II Medium Tank
Canadian Shock Section
Selects Smoke Operation
Crusader II Medium Tank
Smoke Operation
Crusader II Medium Tank
Crusader II Medium Tank
kerem
ShadowStorm
Berti
Hanzz
ArguS
/\/\au5er
qyclub.top
Play4Fun
0
0
Comments
sign in to comment!
No comments posted yet!